 Dungeon Crawl Stone Soup version 0.31-a0-1009-g454b1f1e0a (webtiles) character file.

Game seed: 12481857491154527902

3203 Malachi the Fighter (level 9, -2/77 HPs)
             Began as a Demonspawn Fighter on Nov 16, 2023.
             Was a Priest of Makhleb.
             Slain by a yak (6 damage)
             ... on level 8 of the Dungeon.
             The game lasted 00:09:47 (7018 turns).

Malachi the Fighter (Demonspawn Fighter)            Turns: 7018, Time: 00:09:48

Health: -2/77      AC: 12    Str: 20    XL:     9   Next: 65%
Magic:  13/13      EV:  5    Int:  9    God:    Makhleb [***...]
Gold:   314        SH:  0    Dex: 14    Spells: 8/8 levels left

rFire   . . .        a - +1 war axe
rCold   . . .        (no shield)
rNeg    . . .        u - +0 plate armour
rPois   .            (no helmet)
rElec   .            e - +0 cloak
rCorr   .            (no gloves)
SInv    +            (no boots)
Will    .....        (no amulet) Stlth
                     b - ring of see invisible
HPRegen 0.32/turn    (no ring)
MPRegen 0.13/turn

%: no passive effects
@: no status effects
A: demonic guardian 1, demonic touch 2
a: Renounce Religion, Minor Destruction, Lesser Servant of Makhleb


You were on level 8 of the Dungeon.
You worshipped Makhleb.
Makhleb was most pleased with you.
You visited 1 branch of the dungeon, and saw 8 of its levels.

You collected 340 gold pieces.
You spent 26 gold pieces at shops.

Inventory:

Hand Weapons
 a - a +1 war axe (weapon)
 v - a +2 halberd of freezing
Missiles
 c - 2 datura-tipped darts
 f - 16 poisoned darts
 h - 4 boomerangs (quivered)
 y - 2 curare-tipped darts
Armour
 e - a +0 cloak (worn)
 m - a scarf of shadows
 u - a +0 plate armour (worn)
Jewellery
 b - a ring of see invisible (left hand)
 t - a ring of positive energy
Talismans
 x - a serpent talisman
Wands
 w - a wand of charming (8)
Scrolls
 g - a scroll of teleportation
 n - 3 scrolls of enchant weapon
 o - a scroll of blinking
 B - a scroll of amnesia {unknown}
Potions
 d - a potion of might
 i - a potion of enlightenment {unknown}
 j - 8 potions of curing {unknown}
 k - 4 potions of heal wounds {unknown}
 l - 3 potions of resistance {unknown}
 p - 2 potions of magic {unknown}
 q - a potion of attraction {unknown}
 r - a potion of lignification {unknown}
 s - a potion of haste {unknown}
 z - a potion of mutation {unknown}
 A - a potion of ambrosia {unknown}


   Skills:
 + Level 9.6 Fighting
 + Level 8.4 Axes
 - Level 2.7 Armour
 - Level 2.7 Shields
 + Level 6.1 Invocations


You had 8 spell levels left.
You didn't know any spells.
Your spell library contained the following spells:

 Spells                   Type           Power      Damage    Failure   Level
 Apportation              Tloc           0%         N/A       100%        1
 Necrotise                Necr           0%         1d4       100%        1
 Summon Small Mammal      Summ           0%         N/A       100%        1
 Blink                    Tloc           0%         N/A       100%        2
 Manifold Assault         Tloc           0%         N/A       100%        4
 Vhi's Electric Charge    Tloc/Air       0%         N/A       100%        4
 Arcjolt                  Conj/Air       0%         1d10      100%        5
 Maxwell's Capacitive Co  Air            0%         ∞         100%        8


Dungeon Overview and Level Annotations

Branches:
Dungeon (8/15)
 Temple: D:4-7         Lair: D:8-11

Altars:
Cheibriados
Kikubaaqudgha
Makhleb

Shops:
D:5 *[


Innate Abilities, Weirdness & Mutations

A weak demonic guardian rushes to your aid.
Your touch may inflict irresistible damage on your foes.


Message History

The yak gores you but does no damage.
You hit the yak. Your touch misses the yak.
The yak is moderately wounded.
The yak gores you!
You barely miss the yak.
The yak is moderately wounded.
The yak gores you.
You closely miss the yak.
The yak is moderately wounded.
The yak gores you!
You are too injured to fight recklessly!
You are too injured to fight recklessly!
You are too injured to fight recklessly!
You are too injured to fight recklessly!
Unknown command.
You hit the yak but do no damage.
The yak is moderately wounded.
The electric eel shoots out a bolt of lightning at you!
The bolt of electricity hits you!
* * * LOW HITPOINT WARNING * * *
The bolt of electricity misses you. The yak barely misses you.
You slash the yak! Your touch misses the yak.
The yak is heavily wounded.
The electric eel shoots out a bolt of lightning at you!
The bolt of electricity hits you.
* * * LOW HITPOINT WARNING * * *
The bolt of electricity hits you!
* * * LOW HITPOINT WARNING * * *
A demonic guardian appears!
The yak gores you.
* * * LOW HITPOINT WARNING * * *
Your ufetubus barely misses the electric eel.
Your ufetubus hits the electric eel.
Your ufetubus closely misses the electric eel. x2
Your ufetubus slips past the electric eel!
Your ufetubus hits the electric eel.
Your ufetubus closely misses the electric eel.
You hit the yak.
You touch the yak!
The yak is severely wounded.
The yak gores you.
You die...

#####.......§§§§§
.......>#######§§
#######.#
#.......#
#.####### #.#
#... . #.##... ~~
#.#... ~~~ #@#..
~~~~ #Y#.# ~~~~~
#.#.#..~≈~~
#.....S5~~~
#####......
...... ###.. #


You could see a yak.

Vanquished Creatures
  A polar bear (D:8)
  Grinder (D:5)
  Sigmund (D:3)
  A wraith (D:6)
  A yak (D:8)
  2 water moccasins
  2 ice beasts (D:8)
  A sky beast (D:7)
  2 black bears (D:5)
  2 ogres
  A wolf (D:8)
  A phantom (D:5)
  4 kobold brigands
  4 bullfrogs
  A scorpion (D:5)
  A gnoll sergeant (D:6)
  3 howler monkeys (D:8)
  A wyvern simulacrum (D:8)
  A jelly (D:5)
  2 hounds
  An iguana (D:6)
  A killer bee simulacrum (D:8)
  5 gnolls
  10 adders
  A river rat (D:8)
  3 shadow imps
  2 white imps
  2 ufetubi (D:6)
  A worm (D:3)
  4 dart slugs
  4 orcs
  7 ball pythons
  6 bats
  3 endoplasms
  3 giant cockroaches
  2 goblins (D:1)
  6 hobgoblins
  5 jackals (D:3)
  4 quokkas
  2 frilled lizards
  23 kobolds
  5 rats
  A rat zombie (D:8)
134 creatures vanquished.

Vanquished Creatures (collateral kills)
  A centaur (D:6)
  A hell rat (D:8)
  A gnoll (D:6)
  An adder (D:3)
  A kobold (D:3)
5 creatures vanquished.

Grand Total: 139 creatures vanquished

Notes
Turn   | Place    | Note
-------+----------+-------------------------------------------
     0 | D:1      | Malachi the Demonspawn Fighter began the quest for the Orb.
     0 | D:1      | Reached XP level 1. HP: 18/18 MP: 1/1
   226 | D:1      | Gained mutation: A weak demonic guardian rushes to your
                  | aid. [demonic ancestry]
   226 | D:1      | Reached XP level 2. HP: 24/24 MP: 2/2
   523 | D:1      | Found a faded altar of an unknown god.
   630 | D:1      | Prayed at the altar of an unknown god.
   630 | D:1      | Became a worshipper of Makhleb the Destroyer
   630 | D:1      | Reached * piety under Makhleb
   730 | D:2      | Reached XP level 3. HP: 30/30 MP: 3/3
  1248 | D:3      | Reached skill level 4 in Fighting
  1294 | D:3      | Reached XP level 4. HP: 37/37 MP: 4/4
  1870 | D:3      | Reached XP level 5. HP: 11/43 MP: 5/5
  2288 | D:3      | Reached ** piety under Makhleb
  2941 | D:3      | Noticed Sigmund
  2954 | D:3      | Killed Sigmund
  2955 | D:3      | Reached skill level 5 in Fighting
  2955 | D:3      | Reached XP level 6. HP: 47/51 MP: 6/6
  3112 | D:4      | You fall into a shaft and drop 2 floors!
  3190 | D:5      | Entered Level 5 of the Dungeon
  3206 | D:5      | Reached skill level 5 in Axes
  3214 | D:5      | Reached skill level 6 in Fighting
  3214 | D:5      | Gained mutation: Your touch may inflict minor irresistible
                  | damage on your foes. [demonic ancestry]
  3214 | D:5      | Reached XP level 7. HP: 37/58 MP: 7/7
  3384 | D:5      | Noticed Grinder
  3394 | D:5      | Killed Grinder
  3844 | D:5      | Found Jyuz's Antique Armour Shoppe.
  3925 | D:5      | Found Qubianot's Assorted Antiques.
  3944 | D:5      | Bought a fizzy clear potion for 26 gold pieces
  4172 | D:5      | Reached skill level 7 in Fighting
  4237 | D:5      | Reached XP level 8. HP: 51/67 MP: 8/8
  4940 | D:6      | Found an ancient bone altar of Kikubaaqudgha.
  4959 | D:6      | Reached skill level 8 in Fighting
  5122 | D:6      | Reached skill level 1 in Invocations
  5797 | D:7      | Reached *** piety under Makhleb
  5805 | D:7      | Gained mutation: Your touch may inflict irresistible damage
                  | on your foes. [demonic ancestry]
  5805 | D:7      | Reached XP level 9. HP: 74/75 MP: 11/11
  6085 | D:7      | Identified the +1 robe of Sif Muna's Respect {rPois Regen+
                  | Dex+5 Slay-4}
  6366 | D:8      | Reached skill level 9 in Fighting
  6379 | D:8      | Reached skill level 5 in Invocations
  6461 | D:8      | Noticed a polar bear
  6474 | D:8      | Killed a polar bear
  6687 | D:8      | Noticed a death yak
  6689 | D:8      | Noticed a death yak
  6689 | D:8      | Noticed a death yak
  6924 | D:8      | Found a snail-covered altar of Cheibriados.
  7013 | D:8      | HP: 3/77 [yak (4)]
  7018 | D:8      | Slain by a yak

Illustrated notes

Levels and vault maps discovered:
D:1:      mrwooster_arrival_statue, layout_basic,
          hellmonk_ecumenical_altar_heavens_door
D:2:      layout_basic, minmay_strange_pillars, grunt_ministairs_9
D:3:      layout_basic, uniq_sigmund
D:4:      layout_basic, nzn_wu_jian_council_hall, minmay_temple_entry_grid
D:5:      layout_loops_cross, serial_shops, shop, nicolae_shop_peninsula,
          uniq_grinder
D:6:      layout_basic, overflow_temple_1_default, grunt_decor_arrowhead
D:7:      layout_cave_pools
D:8:      layout_basic, kennysheep_slug_shrine, dpeg_lair_monsters,
          ebering_ghost_disaster_area, serial_ice, serial_ice_b, serial_ice_d,
          serial_ice_l, serial_ice_g, serial_ice_n, serial_ice_f, serial_ice_e,
          enter_ossuary_3

Skill      XL: |  1  2  3  4  5  6  7  8  9 |
---------------+----------------------------+-----
Axes           | 2 3 4 5 6 7 8 |  8.4
Fighting       | 4 5 6 7 8 9 |  9.6
Invocations    | 3 6 |  6.1
Armour         | |  2.7
Shields        | |  2.7

Action                     |  1- 3 |  4- 6 |  7- 9 || total
---------------------------+-------+-------+-------++-------
  Melee: War axe           |    89 |   114 |   206 ||   409
         Touch             |       |       |    38 ||    38
         Halberd           |       |       |    17 ||    17
         Punch             |       |       |     1 ||     1
  Throw: Boomerang         |       |     4 |       ||     4
  Evoke: Wand              |       |       |     9 ||     9
    Use: Scroll            |     6 |     2 |     2 ||    10
   Stab: Distracted        |       |       |     1 ||     1
 Armour: Scale mail        |    66 |   114 |    76 ||   256
         Plate armour      |       |       |   183 ||   183
  Dodge: Dodged            |    41 |    62 |    86 ||   189
  Block: Buckler           |    22 |    30 |     1 ||    53

Table legend: (Time is in decaauts)
 A = Elapsed time spent in this place.
 B = Non-inter-level travel time spent in this place.
 C = Inter-level travel time spent in this place.
 D = Time resting spent in this place.
 E = Time spent auto-exploring this place.
 F = Levels seen in this place.
 G = Mean time per level.
                   A        B        C        D        E       F      G
               +--------+--------+--------+--------+--------+-----+--------+
         Total |   7149 |   6936 |    213 |   1544 |   4195 |   8 |  893.6 |
       Dungeon |   7149 |   6936 |    213 |   1544 |   4195 |   8 |  893.6 |
               +--------+--------+--------+--------+--------+-----+--------+

Top non-repeatable levels by time:
     D:3: 1625 daAuts
     D:6: 1286 daAuts
     D:5: 1243 daAuts
     D:8: 785 daAuts
     D:1: 749 daAuts
     D:2: 713 daAuts
     D:7: 648 daAuts
     D:4: 97 daAuts
